 Dungeon Crawl Stone Soup version 0.25.1-2-g60ff931df9 (webtiles) character file.

Game seed: 10250545081240366285

25 pokeman the Magician (level 2, -3/16 HPs)
             Began as a Deep Elf Wizard on Oct 17, 2020.
             Killed from afar by Natasha (12 damage)
             ... with a puff of flame
             ... on level 2 of the Dungeon.
             The game lasted 00:03:06 (1214 turns).

pokeman the Magician (Deep Elf Wizard)              Turns: 1214, Time: 00:03:06

Health: -3/16      AC:  3    Str:  4    XL:     2   Next: 82%
Magic:  9/10       EV: 11    Int: 22    God:
Gold:   8          SH:  0    Dex: 13    Spells: 10/11 levels left

rFire    . . .     SeeInvis .   (no weapon)
rCold    . . .     Gourm    .   (no shield)
rNeg     . . .     Faith    .   e - +0 leather armour
rPois    .         Spirit   .   b - +0 hat
rElec    .         Reflect  .   (no cloak)
rCorr    .         Harm     .   (no gloves)
MR       .....                  (no boots)
Stlth    ++........             (no amulet)
HPRegen  0.05/turn              (no ring)
MPRegen  0.12/turn              (no ring)

@: no status effects
A: no striking features
a: no special abilities


You were on level 2 of the Dungeon.
You were not hungry.

You visited 1 branch of the dungeon, and saw 2 of its levels.

You collected 8 gold pieces.

Inventory:

Armour
 b - a +0 hat (worn)
 e - a +0 leather armour (worn)
Scrolls
 a - a scroll of enchant weapon {unknown}
 c - a scroll of remove curse
 k - a scroll of identify {unknown}
 m - a scroll of magic mapping {unknown}
Potions
 f - 2 potions of degeneration {unknown}
 g - a potion of heal wounds {unknown}
 i - a potion of lignification {unknown}
 j - a potion of resistance {unknown}
 l - a potion of magic {unknown}
 n - a potion of invisibility {unknown}
Comestibles
 d - a ration
 h - 2 chunks of flesh


   Skills:
 + Level 0.6 Fighting
 + Level 0.7 Armour
 - Level 2.4 Dodging
 - Level 2.4 Stealth
 * Level 5.0 Spellcasting
 + Level 1.6 Conjurations
   Level 1.1 Summonings
   Level 1.1 Translocations


You had 10 spell levels left.
You knew the following spells:

 Your Spells              Type           Power        Failure   Level  Hunger
a - Magic Dart            Conj           ##..         9%          1    None

Your spell library contained the following spells:

 Spells                   Type           Power        Failure   Level  Hunger
 Blink                    Tloc           N/A          17%         2    None
 Call Imp                 Summ           ##......     17%         2    None
 Slow                     Hex            #.......     26%         2    None
 Conjure Flame            Conj/Fire      #.......     36%         3    ##.....
 Mephitic Cloud           Conj/Pois/Air  #.......     41%         3    ##.....


Dungeon Overview and Level Annotations

Branches:
Dungeon (2/15)

Altars:
Ashenzari

Annotations:
D:2 Natasha


Message History

There is a stone staircase leading down here.
There is a stone staircase leading down here.
You climb downwards.
Natasha, Servant of Life and Death comes into view.
She is carrying a wand of flame (7).
Natasha hisses angrily.
You hear an angry hiss.
Natasha claws you!
Ouch! That really hurt!
A leopard gecko comes into view.
Found a fizzy red potion.
There is a stone staircase leading up here.
Casting: Magic Dart (safe; 9% risk of failure)
Confirm with . or Enter, or press ? or * to list all spells.
Aiming: Magic Dart (safe; 9% risk of failure)
Press: ? - help, Shift-Dir - straight line, f - Natasha
Aim: Natasha, carrying a wand of flame (7)
The magic dart hits Natasha.
Natasha is lightly wounded.
Natasha zaps a wand.
The puff of flame hits you!
Ouch! That really hurt!
You die...

##### #...# ###...#
#...<.# #.#...#
..#...# ########
###...#######.!....#
..g............h@..#
#...##########l#...#
#.### # #...# #.#
##### ..# ###


You could see Natasha and a leopard gecko.

Vanquished Creatures
  A dart slug (D:1)
  A leopard gecko (D:1)
  2 giant cockroaches (D:1)
  2 goblins (D:1)
  A hobgoblin (D:2)
  3 jackals (D:1)
  3 bats
  2 frilled lizards (D:1)
  3 kobolds (D:1)
  2 rats (D:1)
20 creatures vanquished.

Notes
Turn   | Place    | Note
-------+----------+-------------------------------------------
     0 | D:1      | pokeman the Deep Elf Wizard began the quest for the Orb.
     0 | D:1      | Reached XP level 1. HP: 10/10 MP: 7/7
   110 | D:1      | Lost strength.
   313 | D:1      | Reached XP level 2. HP: 15/15 MP: 5/9
   644 | D:1      | Found a shattered altar of Ashenzari.
  1103 | D:2      | Reached skill level 5 in Spellcasting
  1161 | D:2      | Noticed a gnoll sergeant
  1213 | D:2      | Noticed Natasha
  1214 | D:2      | Killed from afar by Natasha

Illustrated notes

Levels and vault maps discovered:
D:1:      dpeg_arrival_tiny_f, layout_loops_cross, evilmike_ruin_ashenzari
D:2:      layout_rooms, minitemple, first_ration, makhleb_heckhound_becter,
          uniq_terence, uniq_natasha

Skill      XL: |  1  2 |
---------------+-------+-----
Spellcasting   | 5 |  5.0
Fighting       | |  0.6
Armour         | |  0.7
Dodging        | |  2.4
Stealth        | |  2.4
Conjurations   | |  1.6
Summonings     | |  1.1
Translocations | |  1.1

Action                   || total
-------------------------++-------
 Cast: Magic Dart        ||    56
  Use: Scroll            ||     2
  Eat: Chunk             ||     1
Armor: Robe              ||     3
Dodge: Dodged            ||    14
